 Dungeon Crawl Stone Soup version 0.31-a0-1570-g93c622d222 (webtiles) character file.

Game seed: 4098198607857938493

1505 jlumianski the Grappler (level 8, 0/64 HPs)
             Began as a Gnoll Shapeshifter on Jan 4, 2024.
             Was a Follower of Wu Jian.
             Slain by a wraith (5 damage)
             ... on level 6 of the Dungeon.
             The game lasted 00:25:12 (5790 turns).

jlumianski the Grappler (Gnoll Shapeshifter)        Turns: 5790, Time: 00:25:12

Health: 0/64       AC: 13    Str: 17    XL:     8   Next: 82%
Magic:  15/15      EV:  8    Int:  9    God:    Wu Jian [*.....]
Gold:   1435       SH:  0    Dex: 17    Spells: 17/17 levels left

rFire   . .          .
                       - Unarmed
rCold   . . .        (no shield)
rNeg    . . .        G - +0 plate armour
rPois   +            (helmet currently unavailable)
rElec   .            (cloak currently unavailable)
rCorr   .            (gloves currently unavailable)
SInv    .            (boots currently unavailable)
Will    .....        (no amulet) Stlth
                     C - +6 ring of dexterity
HPRegen 0.30/turn    t - ring of poison resistance
MPRegen 0.14/turn

%: no passive effects
@: beast-form, slowed, very slow
A: beast (slay +4), fangs 1, strong nose, distributed training, shaggy fur 1,
MP-powered wands
a: Begin Untransformation, Renounce Religion


You were on level 6 of the Dungeon.
You worshipped Wu Jian.
Wu Jian was aware of your devotion.
You were a hulking beast.
You visited 2 branches of the dungeon, and saw 9 of its levels.

You collected 1435 gold pieces.

Inventory:

Hand Weapons
 x - a +0 dagger
Missiles
 h - 4 boomerangs (quivered)
 m - 17 poisoned darts
Armour
 a - a +0 animal skin
 p - a +0 ring mail
 q - a +0 helmet
 r - a +0 scale mail
 v - a +0 chain mail
 F - a +2 pair of boots of flying
 G - a +0 plate armour (worn)
Magical Staves
 e - a staff of air
Jewellery
 s - an amulet of magic regeneration
 t - a ring of poison resistance (right hand)
 C - a +6 ring of dexterity (left hand)
Talismans
 c - a beast talisman
 d - a flux talisman
Wands
 I - a wand of charming (7)
 K - a wand of polymorph (15)
Scrolls
 g - a scroll of revelation
 k - a scroll of enchant weapon
 n - a scroll of fear
 u - 2 scrolls of brand weapon
 w - a scroll of fog
 y - a scroll of teleportation
 A - a scroll of noise
 B - a scroll of poison
 H - a scroll of immolation {unknown}
 L - a scroll of vulnerability {unknown}
Potions
 b - a potion of lignification
 f - 3 potions of mutation
 i - a potion of attraction
 j - a potion of degeneration
 l - 4 potions of haste
 o - 3 potions of curing
 z - a potion of berserk rage
 D - a potion of might
 E - a potion of cancellation {unknown}
 J - a potion of enlightenment {unknown}


   Skills:
 + Level 5.9 Fighting
 + Level 5.2 Short Blades
 + Level 5.2 Long Blades
 + Level 5.2 Axes
 + Level 5.2 Maces & Flails
 + Level 5.2 Polearms
 + Level 5.2 Staves
 + Level 5.2 Ranged Weapons
 + Level 5.2 Throwing
 + Level 5.2 Armour
 + Level 7.1 Dodging
 + Level 5.2 Stealth
 + Level 5.2 Shields
 + Level 8.5 Unarmed Combat
 + Level 5.2 Spellcasting
 + Level 4.3 Conjurations
 + Level 4.3 Hexes
 + Level 4.3 Summonings
 + Level 4.3 Necromancy
 + Level 4.3 Translocations
 + Level 4.3 Fire Magic
 + Level 4.3 Ice Magic
 + Level 4.3 Air Magic
 + Level 4.3 Earth Magic
 + Level 4.3 Alchemy
 + Level 5.8 Invocations
 + Level 5.2 Evocations
 + Level 8.2 Shapeshifting


You had 17 spell levels left.
You didn't know any spells.
Your spell library contained the following spells:

 Spells                   Type           Power      Damage    Failure   Level
 Sandblast                Erth           20%        2d7       85%         1
 Cigotuvi's Dreadful Rot  Necr/Alch/Air  20%        N/A       94%         2
 Scorch                   Fire           20%        2d5       94%         2
 Passwall                 Erth           10%        N/A       99%         3
 Stone Arrow              Conj/Erth      20%        3d8       99%         3
 Brom's Barrelling Bould  Conj/Erth      10%        2d3       100%        4
 Flame Wave               Conj/Fire      10%        2d6       100%        4
 Ignite Poison            Fire/Alch      10%        N/A       100%        4
 Freezing Cloud           Conj/Ice/Air   5%         6-21      100%        5
 Summon Cactus Giant      Summ           5%         N/A       100%        6


Dungeon Overview and Level Annotations

Branches:
Dungeon (8/15)             Temple (1/1) D:6
   Lair: D:8-11

Altars:
Dithmenos
Elyvilon
Fedhas
Gozag
Hepliaklqana
Kikubaaqudgha
Makhleb
Okawaru
Qazlal
Sif Muna
Wu Jian
Xom
Yredelemnul

Shops:
D:2 [(=!


Innate Abilities, Weirdness & Mutations

You are a hulking beast.
Your limbs bulge with bestial killing power. (Slay +4)
You have very sharp teeth.
Your uncanny sense of smell can sniff out nearby items.
Your experience applies equally to all skills.
You are covered in fur. (AC +1)
You expend magic power (3 MP) to strengthen your wands.


Message History

The wraith hits you. The wraith drains your vigour!
You feel as though you will be slow longer.
You hit the wraith but do no damage.
The wraith is moderately damaged.
The wraith hits you but does no damage.
You hit the wraith.
The wraith is heavily damaged.
The wraith hits you but does no damage. x2
You closely miss the wraith.
The wraith is heavily damaged.
The wraith hits you! The wraith drains your vigour!
You feel as though you will be slow longer.
You closely miss the wraith. You bite the wraith, but do no damage.
The wraith is heavily damaged.
The wraith hits you but does no damage. The wraith hits you.
The wraith drains your vigour!
You feel as though you will be slow longer.
You hit the wraith but do no damage. You bite the wraith, but do no damage.
The wraith is heavily damaged.
The wraith barely misses you.
You hit the wraith but do no damage.
The wraith is moderately damaged.
The wraith hits you! The wraith drains your vigour!
You feel as though you will be slow longer.
You hit the wraith but do no damage. You bite the wraith.
The wraith is heavily damaged.
The wraith hits you!
* * * LOW HITPOINT WARNING * * *
The wraith drains your vigour!
You feel as though you will be slow longer.
You closely miss the wraith.
The wraith is heavily damaged.
The wraith hits you but does no damage. The wraith hits you!
* * * LOW HITPOINT WARNING * * *
The wraith drains your vigour!
You feel as though you will be slow longer.
You hit the wraith.
The wraith is heavily damaged.
The wraith hits you.
You die...

####~~..~~~~≈≈~PP~~~~
##..~P..P.~..~~~~~..~~
......[..............~
###.###.....###.......
..#....##.# #.###.#
#.[.....
..#..#..#.###.###.#
#.......
#...##..........#.#
########
##.###....#.#...#.# #
##.##.###.#h#.###.#######
9#.#.###..#W#<#.........#
##.####...#o###.#.#####[#
♣........†....#.#
##.####..##.#####.#
O#.#.###....# #.#
##.##.###.#.# #..
##.###....#.# ###
#...##...##.#


You could see a wraith and an orc warrior.

Vanquished Creatures
  Menkaure (D:5)
  An ogre (D:4)
  A kobold brigand (D:6)
  A scorpion (D:4)
  3 wights (D:4)
  An electric eel (D:6)
  4 hounds
  5 orc priests
  A jelly (D:4)
  3 iron imps (D:3)
  2 sleepcaps
  2 iguanas
  3 orc wizards
  A mummy (D:4)
  Robin (D:1)
  7 adders
  2 white imps
  2 ufetubi (D:6)
  2 ribbon worms
  4 dart slugs
  20 orcs
  5 bats
  4 endoplasms
  6 giant cockroaches
  15 goblins
  13 hobgoblins
  3 jackals (D:5)
  6 quokkas
  6 ball pythons
  4 frilled lizards (D:1)
  A hobgoblin zombie (D:4)
  16 kobolds
  2 kobold zombies (D:4)
  An orc zombie (D:4)
  8 rats
157 creatures vanquished.

Vanquished Creatures (others)
  An endoplasm (D:3)
1 creature vanquished.

Grand Total: 158 creatures vanquished

Notes
Turn   | Place    | Note
-------+----------+-------------------------------------------
     0 | D:1      | jlumianski the Gnoll Shapeshifter began the quest for the
                  | Orb.
     0 | D:1      | Reached XP level 1. HP: 17/17 MP: 1/1
   102 | D:1      | Reached XP level 2. HP: 13/23 MP: 2/2
   203 | D:1      | Found a faded altar of an unknown god.
   506 | D:2      | Reached XP level 3. HP: 10/28 MP: 2/4
   650 | D:1      | Reached skill level 1 in Invocations
   676 | D:2      | Found Vesucamn's Distillery.
   835 | D:2      | Found Vaonn's Jewellery Shoppe.
   956 | D:2      | Noticed Robin
   967 | D:2      | Reached skill level 1 in Short Blades
   967 | D:2      | Reached skill level 1 in Long Blades
   967 | D:2      | Reached skill level 1 in Axes
   967 | D:2      | Reached skill level 1 in Maces & Flails
   967 | D:2      | Reached skill level 1 in Polearms
   967 | D:2      | Reached skill level 1 in Staves
   967 | D:2      | Reached skill level 1 in Ranged Weapons
   967 | D:2      | Reached skill level 1 in Throwing
   967 | D:2      | Reached skill level 1 in Armour
   967 | D:2      | Reached skill level 1 in Stealth
   967 | D:2      | Reached skill level 1 in Shields
   967 | D:2      | Reached skill level 1 in Spellcasting
   967 | D:2      | Reached skill level 1 in Evocations
   986 | D:1      | Killed Robin
   987 | D:1      | Reached XP level 4. HP: 18/34 MP: 5/5
  1420 | D:2      | Reached skill level 1 in Conjurations
  1420 | D:2      | Reached skill level 1 in Hexes
  1420 | D:2      | Reached skill level 1 in Summonings
  1420 | D:2      | Reached skill level 1 in Necromancy
  1420 | D:2      | Reached skill level 1 in Translocations
  1420 | D:2      | Reached skill level 1 in Fire Magic
  1420 | D:2      | Reached skill level 1 in Ice Magic
  1420 | D:2      | Reached skill level 1 in Air Magic
  1420 | D:2      | Reached skill level 1 in Earth Magic
  1420 | D:2      | Reached skill level 1 in Alchemy
  1495 | D:3      | Found a white marble altar of Elyvilon.
  1543 | D:2      | Found a blossoming altar of Fedhas.
  1554 | D:2      | Found Elyv's Antique Armour Boutique.
  1677 | D:2      | Found Boizor's Antique Weapon Shop.
  1891 | D:2      | You fall into a shaft and drop 2 floors!
  1972 | D:4      | Reached XP level 5. HP: 37/40 MP: 5/7
  2085 | D:4      | Reached skill level 5 in Fighting
  2085 | D:4      | Reached skill level 5 in Invocations
  2085 | D:4      | Reached XP level 6. HP: 51/51 MP: 7/13
  2151 | D:5      | Entered Level 5 of the Dungeon
  2312 | D:4      | Gained mutation: You are covered in fur. (AC +1) [potion of
                  | mutation]
  2312 | D:4      | Gained mutation: You expend magic power (3 MP) to
                  | strengthen your wands. [potion of mutation]
  2603 | D:4      | Reached XP level 7. HP: 56/56 MP: 14/14
  3146 | D:3      | Found a blossoming altar of Fedhas.
  3346 | D:3      | Found a burning altar of Makhleb.
  3384 | D:3      | Identified 2 scrolls of acquirement
  3384 | D:3      | Acquired 1060 gold pieces
  3386 | D:3      | Acquired a +6 ring of dexterity
  3503 | D:3      | Found a shadowy altar of Dithmenos.
  3563 | D:3      | Reached skill level 5 in Short Blades
  3563 | D:3      | Reached skill level 5 in Long Blades
  3563 | D:3      | Reached skill level 5 in Axes
  3563 | D:3      | Reached skill level 5 in Maces & Flails
  3563 | D:3      | Reached skill level 5 in Polearms
  3563 | D:3      | Reached skill level 5 in Staves
  3563 | D:3      | Reached skill level 5 in Ranged Weapons
  3563 | D:3      | Reached skill level 5 in Throwing
  3563 | D:3      | Reached skill level 5 in Armour
  3563 | D:3      | Reached skill level 5 in Stealth
  3563 | D:3      | Reached skill level 5 in Shields
  3563 | D:3      | Reached skill level 5 in Spellcasting
  3563 | D:3      | Reached skill level 5 in Evocations
  3584 | D:3      | Acquired a +2 pair of boots of flying
  4075 | D:4      | Reached XP level 8. HP: 37/60 MP: 15/15
  4424 | D:5      | Noticed Menkaure
  4432 | D:5      | Killed Menkaure
  4695 | D:6      | Found a staircase to the Ecumenical Temple.
  4714 | Temple   | Entered the Ecumenical Temple
  4745 | Temple   | Became a worshipper of the Wu Jian Council
  5535 | D:6      | Reached * piety under Wu Jian
  5768 | D:6      | Noticed a wraith
  5772 | D:6      | Noticed a gargoyle
  5772 | D:6      | Noticed a two-headed ogre
  5790 | D:6      | Slain by a wraith

Illustrated notes

Levels and vault maps discovered:
D:1:      psy_arrival_basics, layout_loops_ring,
          hellmonk_ecumenical_altar_run_dry
D:2:      layout_basic, serial_shops, nicolae_shop_dealshenge,
          nicolae_shop_competitors_out_of_business, shop,
          nicolae_shop_tiny_glass, basic_altar, uniq_robin
D:3:      layout_rooms, demons_altar, nicolae_dithmenos_through_a_glass_darkly,
          elyvilon_altar_4, amcnicky_altar_gilded, grunt_decor_mini_mirrors
D:4:      kb_forest_paths, layout_basic, minmay_mini_ossuary
D:5:      layout_rooms, nicolae_concentric_dashed_squares_mild, uniq_menkaure
D:6:      layout_basic, minmay_temple_entry_arrows, chequers_big_river,
          kb_rosetta
D:7:      layout_loops_corners, serial_shops, shop
D:8:      layout_basic, nicolae_ru_awakened_eye, zin_scriptorium
Temple:   hellmonk_temple_forest_ring

Skill      XL: |  1  2  3  4  5  6  7  8 |
---------------+-------------------------+-----
Invocations    | 1 5 |  5.8
Short Blades   | 1 4 5 |  5.2
Long Blades    | 1 4 5 |  5.2
Axes           | 1 4 5 |  5.2
Maces & Flails | 1 4 5 |  5.2
Polearms       | 1 4 5 |  5.2
Staves         | 1 4 5 |  5.2
Ranged Weapons | 1 4 5 |  5.2
Throwing       | 1 4 5 |  5.2
Armour         | 1 4 5 |  5.2
Stealth        | 1 4 5 |  5.2
Shields        | 1 4 5 |  5.2
Spellcasting   | 1 4 5 |  5.2
Evocations     | 1 4 5 |  5.2
Conjurations   | 1 3 4 |  4.3
Hexes          | 1 3 4 |  4.3
Summonings     | 1 3 4 |  4.3
Necromancy     | 1 3 4 |  4.3
Translocations | 1 3 4 |  4.3
Fire Magic     | 1 3 4 |  4.3
Ice Magic      | 1 3 4 |  4.3
Air Magic      | 1 3 4 |  4.3
Earth Magic    | 1 3 4 |  4.3
Alchemy        | 1 3 4 |  4.3
Fighting       | 5 |  5.9
Dodging        | 6 7 |  7.1
Unarmed Combat | 8 |  8.5
Shapeshifting  | 7 8 |  8.2

Action                     |  1- 3 |  4- 6 |  7- 9 || total
---------------------------+-------+-------+-------++-------
  Melee: Unarmed           |    74 |    95 |   176 ||   345
         Bite              |     4 |    11 |    17 ||    32
         Punch             |     3 |     2 |    15 ||    20
  Throw: Boomerang         |       |     3 |       ||     3
Ability: Lunge             |       |       |     6 ||     6
         Whirlwind         |       |       |     2 ||     2
    Use: Scroll            |       |     4 |    10 ||    14
         Potion            |       |     4 |     4 ||     8
   Stab: Sleeping          |     1 |       |       ||     1
 Armour: Animal skin       |    27 |       |       ||    27
         Ring mail         |    14 |    19 |       ||    33
         Scale mail        |       |     9 |       ||     9
         Chain mail        |       |    49 |    53 ||   102
         Plate armour      |       |       |    64 ||    64
  Dodge: Dodged            |    36 |    61 |    77 ||   174

Table legend: (Time is in decaauts)
 A = Elapsed time spent in this place.
 B = Non-inter-level travel time spent in this place.
 C = Inter-level travel time spent in this place.
 D = Time resting spent in this place.
 E = Time spent auto-exploring this place.
 F = Levels seen in this place.
 G = Mean time per level.
                   A        B        C        D        E       F      G
               +--------+--------+--------+--------+--------+-----+--------+
         Total |   5767 |   5634 |    133 |    652 |   2514 |   9 |  640.8 |
       Dungeon |   5723 |   5590 |    133 |    652 |   2491 |   8 |  715.4 |
        Temple |     43 |     43 |      0 |      0 |     23 |   1 |   43.0 |
               +--------+--------+--------+--------+--------+-----+--------+

Top non-repeatable levels by time:
     D:4: 1388 daAuts
     D:1: 960 daAuts
     D:2: 910 daAuts
     D:3: 896 daAuts
     D:6: 842 daAuts
     D:5: 710 daAuts
  Temple: 43 daAuts
     D:7: 12 daAuts
     D:8: 1 daAuts
